 Dungeon Sprint DCSS version 0.31-a0-455-g1a7b003ef0 (webtiles) character file.

Game seed: 18144398183718343820

702 dialectric the Imperceptible (level 7, -6/37 HPs)
             Began as a Spriggan Brigand on Aug 3, 2023.
             Was an Initiate of Dithmenos.
             Mangled by a sixfirhy (9 damage)
             ... summoned by a kobold demonologist
             ... in the Dungeon (Sprint I: "Red Sonja").
             The game lasted 00:01:32 (128 turns).

dialectric the Imperceptible (Spriggan Brigand)      Turns: 128, Time: 00:01:32

Health: -6/37      AC:  3    Str:  7    XL:     7   Next: 38%
Magic:  8/8        EV: 18    Int: 12    God:    Dithmenos [......]
Gold:   405        SH:  0    Dex: 19    Spells: 6/6 levels left

rFire   . . .        a - +2 dagger
rCold   . . .        (no shield)
rNeg    . . .        b - +0 robe
rPois   .            (helmet restricted)
rElec   .            c - +0 cloak
rCorr   +            (gloves unavailable)
SInv    +            (boots unavailable)
Will    +....        (no amulet)
Stlth   ++++++++     l - ring of resist corrosion
HPRegen 0.26/turn    (no ring)
MPRegen 0.11/turn

%: no teleportation
@: very quick
A: very small, no large weapons, unfitting armour, see invisible, speed 3
a: Renounce Religion


You were in the Dungeon.
You worshipped Dithmenos.
Dithmenos was noncommittal.
You visited 1 branch You collected 405 gold pieces.

Inventory:

Hand Weapons
 a - a +2 dagger (weapon)
Missiles
 d - 9 poisoned darts (quivered)
 e - 3 curare-tipped darts
Armour
 b - a +0 robe (worn)
 c - a +0 cloak (worn)
Jewellery
 l - a ring of resist corrosion (left hand)
Potions
 f - a potion of curing
 g - a potion of heal wounds
 h - a potion of haste
 i - 2 potions of magic
 j - a potion of berserk rage


   Skills:
 + Level 4.2 Fighting
 + Level 6.3 Short Blades
 - Level 3.2 Throwing
 + Level 3.4 Dodging
 + Level 21.3 Stealth


You had 6 spell levels left.
You didn't know any spells.
Your spell library was empty.

Dungeon Overview and Level Annotations

Branches:
Dungeon (1/1)

Altars:
Cheibriados
Dithmenos
Elyvilon
Fedhas
Gozag
Hepliaklqana
Kikubaaqudgha
Makhleb
Nemelex Xobeh
Okawaru
Qazlal
Ru
Sif Muna
Trog
Uskayaw
Vehumet
Wu Jian
Xom
Yredelemnul
Zin
The Shining One
Jiyva
Lugonu

Shops:
D *


Innate Abilities, Weirdness & Mutations

You are very small and have problems with some larger weapons.
You are too small for most types of armour.
You have supernaturally acute eyesight. (SInv)
You cover ground extremely quickly. (Speed+++)


Message History

The floating eye gazes piercingly through you!
You suddenly lose the ability to move!
The floating eye seems to glare at you.
The kobold demonologist gestures wildly while chanting.
The ynoxinul gestures.
The kobold demonologist casts a spell.
The crimson imp blinks!
The floating eye gazes piercingly through you!
You shrug off the repeated paralysis!
The kobold demonologist gestures wildly while chanting.
You can move again.
You hit the floating eye.
The floating eye is almost dead.
Unknown command.
You hit the floating eye.
You kill the floating eye!
Dithmenos accepts your kill.
The crimson imp blinks!
The sixfirhy misses you.
Your Stealth skill increases to level 21!
The sixfirhy misses you. The sixfirhy hits you. The sixfirhy shocks you!
The kobold demonologist hits you but does no damage. x2
The ynoxinul gestures.
There is an open door, spattered with blood here.
Unknown command.
You miss the sixfirhy. The sixfirhy misses you.
The sixfirhy completely misses you. x2
The kobold demonologist hits you with a +0 dagger. x2
Unknown command.
Blink to where?
Press: ? - help, Dir - move target
As you read the scroll of blinking, it crumbles to dust.
Which direction?
You close the door.
There is an open door here.
Something unseen opens the door.
You see here a +0 scale mail.
You close the door.
A sixfirhy opens the door.
The sixfirhy hits you!
* * * LOW HITPOINT WARNING * * *
The sixfirhy shocks you!
You die...

##########################
#<.#.)'..#.)'..#__#5.KK45#
#..'..#.)'..#..'..3..#.35#
#..#####'#####3#__####355+
#..####..#...#@#### #####
#..#__####..##[#
#..#_____##'#_.+
#⌠⌠#_.∩..†'..._#
####_..__##_.#'#
#_____###+#.# ####### ###


You could see a sixfirhy (summoned).

Vanquished Creatures
  A slime creature (D)
  Sigmund (D)
  A yak (D)
  A floating eye (D)
  An ogre (D)
  A jelly (D)
  Ijyb (D)
7 creatures vanquished.

Notes
Turn   | Place    | Note
-------+----------+-------------------------------------------
     0 | D        | dialectric the Spriggan Brigand began the quest for the
                  | Orb.
     0 | D        | Reached XP level 1. HP: 10/10 MP: 2/2
     2 | D        | Noticed Ijyb
     4 | D        | Killed Ijyb
     5 | D        | Reached skill level 9 in Stealth
     5 | D        | Reached XP level 2. HP: 15/15 MP: 3/3
     7 | D        | Noticed an ogre
     9 | D        | Killed an ogre
    10 | D        | Reached skill level 12 in Stealth
    10 | D        | Reached XP level 3. HP: 19/19 MP: 4/4
    10 | D        | Reached XP level 4. HP: 23/23 MP: 5/5
    12 | D        | Noticed Sigmund
    14 | D        | Killed Sigmund
    15 | D        | Reached skill level 5 in Short Blades
    15 | D        | Reached skill level 16 in Stealth
    15 | D        | Reached XP level 5. HP: 28/28 MP: 6/6
    34 | D        | Found a shimmering blue altar of Sif Muna.
    35 | D        | Found an ornate altar of the Wu Jian Council.
    36 | D        | Found a radiant altar of Vehumet.
    41 | D        | Reached skill level 17 in Stealth
    41 | D        | Reached XP level 6. HP: 32/32 MP: 7/7
    54 | D        | Found Gueps's General Store.
    54 | D        | Found an ancient bone altar of Kikubaaqudgha.
    54 | D        | Found a hazy altar of Hepliaklqana.
    54 | D        | Found a hide-covered altar of Uskayaw.
    54 | D        | Found a basalt altar of Yredelemnul.
    54 | D        | Found an opulent altar of Gozag.
    54 | D        | Found a snail-covered altar of Cheibriados.
    54 | D        | Found a sacrificial altar of Ru.
    54 | D        | Found a shadowy altar of Dithmenos.
    54 | D        | Noticed a yak
    55 | D        | Found a stormy altar of Qazlal.
    55 | D        | Found a blossoming altar of Fedhas.
    55 | D        | Found a bloodstained altar of Trog.
    55 | D        | Found an iron altar of Okawaru.
    55 | D        | Found a glowing golden altar of the Shining One.
    55 | D        | Found a glowing silver altar of Zin.
    55 | D        | Found a white marble altar of Elyvilon.
    56 | D        | Killed a yak
    57 | D        | Reached skill level 19 in Stealth
    57 | D        | Found a sparkling altar of Nemelex Xobeh.
    63 | D        | Became a worshipper of Dithmenos the Shadowed
    87 | D        | Found a burning altar of Makhleb.
    87 | D        | Found a shimmering altar of Xom.
    87 | D        | Noticed a slime creature
    88 | D        | Found a viscous altar of Jiyva.
    88 | D        | Found a corrupted altar of Lugonu.
    90 | D        | Killed a slime creature
    91 | D        | Reached skill level 20 in Stealth
    91 | D        | Reached XP level 7. HP: 37/37 MP: 8/8
   104 | D        | Noticed a kobold demonologist
   105 | D        | Noticed a kobold demonologist
   108 | D        | Paralysed by a floating eye for 3 turns
   109 | D        | Noticed a neqoxec
   111 | D        | Noticed a chaos spawn
   113 | D        | Noticed a ynoxinul
   115 | D        | Paralysed by a floating eye for 4 turns
   119 | D        | Noticed a sixfirhy
   122 | D        | Reached skill level 21 in Stealth
   128 | D        | Mangled by a sixfirhy

Illustrated notes

Levels and vault maps discovered:
D:        dungeon_sprint_1 [red_sonja_temple_1, red_sonja_temple_small_1]

Skill      XL: |  1  2  3  4  5  6  7 |
---------------+----------------------+-----
Fighting       | 2 3 4 |  4.2
Stealth        | 9 12 16 17 20 21 | 21.3
Short Blades   | 4 5 6 |  6.3
Throwing       | 3 |  3.2
Dodging        | 2 3 |  3.4

Action                     |  1- 3 |  4- 6 |  7- 9 || total
---------------------------+-------+-------+-------++-------
  Melee: Dagger            |     2 |     4 |     7 ||    13
    Use: Scroll            |       |       |     1 ||     1
   Stab: Sleeping          |     2 |     4 |       ||     6
 Armour: Robe              |       |       |     2 ||     2
  Dodge: Dodged            |       |       |     6 ||     6

Table legend: (Time is in decaauts)
 A = Elapsed time spent in this place.
 B = Non-inter-level travel time spent in this place.
 C = Inter-level travel time spent in this place.
 D = Time resting spent in this place.
 E = Time spent auto-exploring this place.
 F = Levels seen in this place.
 G = Mean time per level.
                   A        B        C        D        E       F      G
               +--------+--------+--------+--------+--------+-----+--------+
         Total |     93 |     93 |      0 |      0 |      0 |   1 |   93.0 |
       Dungeon |     93 |     93 |      0 |      0 |      0 |   1 |   93.0 |
               +--------+--------+--------+--------+--------+-----+--------+

Top non-repeatable levels by time:
       D: 93 daAuts
